Map: Void Launch

Players

MattBarry

  • Race: Protoss Protoss
  • Spawn Location: 6:00

MattBarry

  • Race: Zerg Zerg

VOD

Have the link to the VOD?

Description

Time

  • Played on: Jan. 2, 2023, 11:20 p.m.
  • Length: 25:24
Show
View Real Time Build Order
Export as new Build Order

MattBarry Protoss 

Build Orders:  

Get SALT Encoding   

  12  0:02  Probe (Chrono Boost)  
  13  0:16  Probe (Chrono Boost)  
  14  0:27  Pylon  
  14  0:31  Probe (Chrono Boost)  
  15  0:52  Probe (Chrono Boost)  
  15  0:55  Gateway  
  16  1:05  Probe (Chrono Boost)  
  17  1:12  Assimilator  
  17  1:18  Probe (Chrono Boost)  
  18  1:31  Gateway  
  18  1:33  Probe (Chrono Boost)  
  18  1:38  Dark Pylon  
  19  1:47  Probe (Chrono Boost)  
  20  2:01  Centurion, Probe (Chrono Boost)  
  20  2:08  Cybernetics Core  
  23  2:20  Pylon  
  23  2:39  Centurion x2  
  27  2:48  Assimilator  
  27  2:58  Warp Gate  
  27  3:11  Forge  
  27  3:19  Stalker x2  
  31  3:28  Protoss Ground Weapons Level 1  
  31  3:55  Pylon  
  31  4:11  Gateway  
  31  4:13  Gateway  
  31  4:16  Stalker  
  33  4:21  Stalker  
  35  4:35  Dark Pylon  
  35  4:51  Twilight Council  
  35  5:13  Centurion x2  
  39  5:30  Centurion x2  
  39  5:37  Protoss Ground Armor Level 1  
  43  5:50  Shadow Charge  
  43  6:07  Nexus  
  43  6:08  Probe (Chrono Boost)  
  44  6:22  Stargate  
  44  6:26  Pylon  
  44  6:37  Pylon  
  44  6:45  Stalker  
  46  6:55  Stalker  
  48  7:07  Stalker  
  50  7:15  Stalker  
  52  7:28  Dark Shrine  
  52  7:41  Stalker  
  40  8:10  Centurion  
  40  8:11  Centurion x2  
  46  8:23  Probe (Chrono Boost)  
  46  8:26  Probe (Chrono Boost)  
  48  8:31  Assimilator  
  48  8:35  Assimilator  
  48  8:38  Probe (Chrono Boost)  
  49  8:43  Probe (Chrono Boost)  
  50  8:55  Probe (Chrono Boost)  
  51  9:04  Stalker  
  51  9:06  Blink  
  51  9:07  Stalker  
  55  9:22  Stalker x2  
  59  9:52  Dark Pylon  
  59  9:57  Stalker  
  59  9:58  Stalker x2  
  59  9:59  Stalker  
  67  10:05  Protoss Ground Weapons Level 2  
  67  10:30  Phase Reactor  
  67  10:42  Stalker x4  
  75  10:55  Probe x2 (Chrono Boost)  
  75  10:56  Dark Pylon  
  79  11:12  Probe x2 (Chrono Boost)  
  79  11:24  Oracle  
  82  11:54  Oracle  
  85  12:30  Gateway  
  85  12:32  Gateway  
  85  12:35  Gateway  
  85  12:36  Gateway  
  86  12:43  Probe x2 (Chrono Boost)  
  86  12:47  Dark Pylon  
  87  12:57  Stalker  
  87  12:58  Stalker x3  
  97  13:00  Probe x2 (Chrono Boost)  
  97  13:10  Protoss Ground Weapons Level 3  
  87  13:36  Darkcoil  
  87  13:40  Stalker  
  87  13:41  Stalker x3  
  95  14:01  Dark Pylon  
  95  14:05  Stalker x3  
  95  14:06  Stalker  
  101  14:24  Stalker x3  
  101  14:25  Stalker  
  110  14:32  Probe (Chrono Boost)  
  110  14:34  Pylon  
  110  14:37  Pylon  
  110  14:40  Pylon  
  110  14:41  Shadow Fury  
  110  14:42  Pylon  
  110  14:44  Pylon  
  110  14:47  Pylon  
  112  15:03  Probe x2 (Chrono Boost)  
  112  15:19  Probe (Chrono Boost)  
  113  15:28  Stalker x6  
  113  15:29  Stalker x2  
  129  15:59  Dark Pylon  
  129  16:02  Stalker x3  
  129  16:03  Stalker x3  
  141  16:17  Stalker x2  
  145  17:24  Dark Pylon  
  145  17:29  Stalker x6  
  155  17:30  Stalker x2  
  159  17:56  Gateway  
  159  17:59  Gateway  
  159  18:02  Gateway  
  159  18:06  Gateway  
  159  18:13  Stalker x4  
  167  18:39  Dark Pylon  
  167  18:57  Protoss Ground Armor Level 2  
  165  19:22  Oracle  
  163  19:31  Stalker  
  163  19:32  Stalker x4  
  176  20:05  Dark Pylon  
  176  20:20  Stalker x3  
  176  20:21  Stalker  
  176  20:23  Stalker x3  
  190  20:35  Pylon  
  190  20:37  Pylon  
  190  21:16  Stalker x3  
  190  21:18  Stalker x2  
  198  22:26  Stalker  
  200  22:33  Fleet Beacon  
  200  23:08  Dark Pylon  
  181  24:50  Stalker x4  
Show
View Real Time Build Order
Export as new Build Order

MattBarry Zerg 

Build Orders:  

Get SALT Encoding   

  18  0:03  Primal Drone  
  19  0:12  Primal Drone  
  19  0:18  Primal Drone  
  21  0:25  Primal Drone  
  22  0:33  Primal Drone  
  23  0:59  Primal Warden  
  24  1:03  Extractor  
  24  1:05  Primal Drone  
  25  1:26  Primal Drone  
  25  1:27  Primal Drone  
  27  1:38  Primal Drone  
  28  1:55  Primal Drone  
  29  2:30  Glevig's Den  
  29  2:32  Extractor  
  29  2:33  Primal Drone  
  29  2:34  Primal Drone  
  30  2:56  Primal Warden  
  31  3:07  Primal Drone x2  
  33  3:29  Primal Zergling  
  34  3:30  Primal Zergling x4  
  38  4:17  Concentrated Fire  
  38  4:24  Primal Roach x3  
  44  4:45  Primal Drone  
  44  4:46  Primal Drone x2  
  44  4:47  Primal Drone x2  
  49  5:23  Primal Hive  
  54  5:31  Primal Drone  
  54  5:32  Primal Drone  
  54  5:34  Primal Drone  
  54  5:37  Primal Roach  
  54  5:38  Primal Roach x4  
  54  5:39  Primal Roach  
  69  5:40  Primal Roach x3  
  75  6:03  Primal Wurm  
  76  6:13  Primal Attacks Level 1  
  76  6:18  Primal Igniter  
  76  6:19  Primal Igniter x3  
  72  6:45  Glial Reconstitution  
  72  6:57  Primal Hydralisk  
  72  6:58  Primal Hydralisk x2  
  72  6:59  Primal Hydralisk  
  80  7:11  Extractor  
  80  7:13  Extractor  
  80  7:15  Primal Drone  
  80  7:16  Primal Drone x2  
  83  7:46  Primal Drone  
  83  7:47  Primal Drone  
  85  7:53  Primal Drone x3  
  85  7:54  Primal Drone  
  89  8:06  Primal Warden  
  90  8:16  Murvar's Den  
  89  8:48  Primal Wurm  
  91  8:50  Primal Drone x3  
  91  8:52  Primal Wurm  
  91  8:53  Primal Drone  
  91  8:55  Primal Drone  
  96  9:22  Primal Warden  
  97  9:30  Primal Hydralisk x2  
  97  9:31  Primal Hydralisk  
  97  9:36  Primal Drone x2  
  97  9:38  Primal Drone  
  106  9:41  Primal Drone  
  93  10:42  Primal Roach  
  93  10:43  Primal Roach x8  
  93  10:44  Primal Roach x5  
  121  11:01  Muscular Augments  
  114  12:44  Primal Drone x2  
  114  12:45  Primal Drone x5  
  121  12:54  Murvar's Den  
  121  12:59  Primal Attacks Level 2  
  120  13:02  Primal Carapace Level 1  
  103  14:45  Primal Warden  
  103  14:47  Primal Warden  
  105  14:54  Primal Roach  
  105  14:55  Primal Roach  
  105  14:56  Primal Roach x3  
  105  14:57  Primal Roach x4  
  105  14:58  Primal Roach  
  125  15:01  Primal Swarm Host x5  
  125  15:02  Primal Swarm Host x5  
  153  15:51  Primal Hydralisk x4  
  153  15:52  Primal Swarm Host, Primal Hydralisk x2  
  153  15:53  Primal Swarm Host x5  
  153  15:54  Primal Swarm Host x2  
  153  15:59  Primal Guardian x2  
  187  16:00  Primal Guardian x3  
  187  16:01  Primal Guardian x3  
  187  16:02  Primal Guardian x2  
  171  17:24  Primal Swarm Host  
  171  17:25  Primal Swarm Host x4  
  171  17:26  Primal Swarm Host x3  
  189  18:03  Dakrun's Den  
  184  19:41  Primal Swarm Host x5  
  190  20:58  Explosive Spores  
  190  21:06  Primal Attacks Level 3  
  190  21:07  Primal Carapace Level 2  
  184  21:58  Primordial Fury  
  142  23:16  Primal Ultralisk x7  
  133  24:41  Primal Hydralisk  
  133  24:42  Primal Hydralisk x15  
Tags
 
Commander
DehakaVorazun
Matchup
Co-op
Replay Pack
Multiplayer
Add a new tag
Caveats
  • Supply blocks, unpowered buildings, or Contaminate may cause inaccurate times.
  • Supply counts are checked every 10 seconds.